Unix NetHack Version 5.0.0-0 post-release - last build Jun 10 2026 00:39:30 (3ee93aec679c4c4259841fe613dc97188e26a321,branch:main).

Game began 2026-06-12 23:55:44, ended 2026-06-13 01:35:50.

Kwijibo4686, neutral female human Valkyrie

                        ---
                     ......####
                     .....|   ###############      ---     ---
                     ...^^|                 ###    ..........
                     ...       -+-------      ###-....     v..
                     ...    ###........|           ...     ...
                     -|-    #  |.......|
                      #     #  |<......|
                      #     #  |........
                      #     #  ---------
                      #    ##
                    --|-- ##
                    |...|##
                    |...|#
                    |`...#
                    -----

Kwijibo4686 the Woman-at-arms  St:15 Dx:12 Co:14 In:11 Wi:8 Ch:11  Neutral
Dlvl:13 $:844 HP:0(92) Pw:11(22) AC:-9 Xp:10 T:11019  Satiated Blind

Latest messages:
 It bites!
 It hits!
 You are not affected.
 It bites!
 It misses!
 It bites!
 You feel an unseen monster!
 You hit it.
 It hits!
 You are not affected.
 It misses!
 It misses!
 You hit it.
 You hit it.
 It hits!
 You are not affected.
 It bites!
 It just misses!
 You hit it.
 You kill it!
 It misses!
 It bites!
 You hit it.
 You hit it.
 It misses!
 It bites!
 You hit it.
 It bites!
 It misses!
 You kill it!
 It misses!
 L - a potion.
 It bites!
 You hit it.
 You hit it.
 It bites!
 It misses!
 It engulfs you!
 You feel your magical energy drain away.
 You hit the energy vortex.
 You are jolted with electricity!
 You feel your magical energy drain away.
 You hit the energy vortex.
 You are jolted with electricity!
 The air around you crackles with electricity.
 You hit the energy vortex.
 You are jolted with electricity!
 The air around you crackles with electricity.
 You die...
 Do you want your possessions identified? [ynq] (y) q

Inventory:
 Coins    ('$')
  $ - 844 gold pieces
 Weapons  (')')
  w - a +2 spear (weapon in right hand)
 Armor    ('[')
  B - an uncursed +0 dwarvish iron helm (being worn)
  E - an uncursed +0 pair of iron shoes (being worn)
  c - an uncursed rotted +3 small shield (being worn)
  h - an uncursed +0 cloak of protection (being worn)
  H - a blessed +0 gray dragon scale mail (being worn)
 Comestibles  ('%')
  D - an uncursed apple
  t - 11 uncursed cream pies
  F - an uncursed food ration
  v - 3 uncursed tripe rations
  G - an uncursed lizard corpse
 Scrolls  ('?')
  x - an uncursed scroll of enchant weapon
  j - an uncursed scroll of magic mapping
 Spellbooks  ('+')
  s - an uncursed spellbook of light
  o - an uncursed spellbook of magic missile
 Potions  ('!')
  I - an uncursed potion of booze
  K - an uncursed potion of booze
  L - an uncursed potion of healing
  C - an uncursed potion of see invisible
 Rings    ('=')
  u - an uncursed ring of conflict
  y - an uncursed ring of levitation
 Wands    ('/')
  n - a wand of cold (0:0)
  f - a wand of digging (0:5)
  z - a wand of magic missile (0:0)
  S - a wand of stasis (0:3)
 Tools    ('(')
  r - an empty uncursed oilskin sack
  a - an empty uncursed sack
  A - an uncursed blindfold
  J - an uncursed lock pick
  p - an uncursed magic lamp
  l - an uncursed magic whistle
 Gems/Stones  ('*')
  O - an uncursed luckstone

Kwijibo4686 the Valkyrie's attributes:

Background:
 You were a Woman-at-arms, a level 10 human Valkyrie.
 You were neutral, on a mission for Odin
 who was opposed by Tyr (lawful) and Loki (chaotic).
 You were right-handed.
 You were in the Dungeons of Doom, on level 13.
 You entered the dungeon 11019 turns ago.
 It was nighttime.
 You had 6786 experience points, 3214 more were needed to attain level 11.

Basics:
 You had 0 out of 92 hit points.
 You had 11 out of 22 energy points (spell power).
 Your armor class was -9.
 Your wallet contained 844 zorkmids.
 Autopickup was on for '$?!/="' plus thrown.

Final Characteristics:
 Your strength was 15 (peak:18, limit:18/100).
 Your dexterity was 12 (limit:18).
 Your constitution was 14 (peak:18, limit:18).
 Your intelligence was 11 (limit:18).
 Your wisdom was 8 (limit:18).
 Your charisma was 11 (limit:18).

Final Status:
 You were temporarily blind.
 You were engulfed by the energy vortex.
 You were satiated.
 You were unencumbered.
 You were wielding a spear.
 You had expert skill with spear.

Final Attributes:
 You were piously aligned.
 You were magic-protected.
 You were cold resistant.
 You were sleep resistant.
 You would have seen invisible when not blind.
 You were stealthy.
 You were protected.
 You were fast.
 You were lucky.
 You had extra luck.
 Bad luck did not time out for you.
 Good luck did not time out for you.
 You are dead.

Miscellaneous:
 You encountered 2 bones levels.
 Total elapsed playing time was 1 hour, 36 minutes and 23 seconds.

Major events:
 Turn
    1: Kwijibo4686 the neutral human Valkyrie entered the dungeon
  569: attained the rank of Skirmisher (level 3)
  875: entered the Gnomish Mines
 1785: reached Mine Town
 1810: attained the rank of Fighter (level 6)
 5146: made her first wish - "blessed +2 gray dragon scale mail", got "a gray dragon scale mail"
 5631: acquired the Mines' End luckstone
 8786: just blew up her bag of holding
 8843: stole 133 zorkmids worth of merchandise from Nosnehpets' hardware store
 9263: attained the rank of Woman-at-arms (level 10)
 9278: killed Nosnehpets, the hardware store proprietor
10956: entered Home 1, the Quest
11019: killed by an energy vortex

You didn't know any spells.

Skills:
 Fighting Skills
   bare handed combat [Unskilled]
   two weapon combat  [Unskilled]
   riding             [Unskilled]
 Weapon Skills
   dagger             [Basic]
   axe                [Unskilled]
   pick-axe           [Unskilled]
   short sword        [Unskilled]
   broadsword         [Unskilled]
   long sword         [Unskilled]
   two-handed sword   [Unskilled]
   saber              [Unskilled]
   hammer             [Unskilled]
   quarterstaff       [Unskilled]
   polearms           [Unskilled]
   spear              [Expert]
   trident            [Unskilled]
   lance              [Unskilled]
   sling              [Unskilled]
 Spellcasting Skills
   attack spells      [Unskilled]
   escape spells      [Unskilled]

Voluntary challenges:
 Character rerolling was not enabled.
 You never genocided any monsters.
 You never polymorphed an object.
 You used 1 wish.
 You did not wish for any artifacts.
Achievements:
 You attained the rank of Skirmisher.
 You entered the Gnomish Mines.
 You entered Minetown.
 You attained the rank of Fighter.
 You entered a temple.
 You entered a shop.
 You completed the Gnomish Mines.
 You attained the rank of Woman-at-arms.

 The Dungeons of Doom: levels 1 to 13
    Level 1:
       A fountain.
    Level 2:
       An altar, a fountain.
    Level 3: "treasure room"
       An altar to Odin.
       Stairs down to The Gnomish Mines.
    Level 4:
       Some fountains, a grave.
    Level 5:
       A tool shop, a fountain, a grave.
       Final resting place for
          heather-Wiz-Elf-Fem-Cha, killed by a gas spore's explosion.
    Level 6:
    Level 7:
    Level 8:
    Level 9:
       A sink.
    Level 10:
       A sink.
    Level 11:
    Level 12:
       An altar, a fountain.
    Level 13: <- You were here.
       Summoned by the Norn.
       Portal to The Quest.
       Final resting place for
          you, killed by an energy vortex.
 The Gnomish Mines: levels 4 to 12
    Level 4:
    Level 5:
    Level 6:
       A grave.
       Final resting place for
          Drastanta-Sam-Hum-Mal-Law, killed by a gnome.
    Level 7:
       Many shops, a temple and an altar, many fountains.
    Level 8:
    Level 9:
    Level 10:
    Level 11:
    Level 12:
       A fountain.
 The Quest:
    Level 1:
       Home.


Vanquished creatures:
  a shopkeeper
  2 ghosts
  a fire giant
  3 large mimics
  a water elemental
  2 small mimics
  a xan
  2 quantum mechanics
  a large dog
  2 freezing spheres
  a shocking sphere
  2 tigers
  a gargoyle
  3 dwarf rulers
  a tengu
  a human mummy
  a wraith
 an amorous demon
  a chameleon
  8 wolves
  a winter wolf cub
  a lynx
  a panther
  a leprechaun
 an orc-captain
  2 iron piercers
  a giant spider
  a black light
  a forest centaur
  3 gnome rulers
  a dwarf mummy
  6 brown puddings
 an owlbear
  2 werewolves
  3 Green-elves
  a lizard
  3 chickatrices
  a dog
  a housecat
  2 jaguars
  4 dwarf leaders
  2 snakes
  3 rope golems
  a Woodland-elf
  4 soldier ants
  8 bugbears
  3 water nymphs
  6 Mordor orcs
  2 Uruk-hai
  2 rock piercers
  2 rock moles
  4 yellow lights
 20 gnome leaders
  6 gnomish wizards
  4 Kop Lieutenants
  2 kobold mummies
  2 gray oozes
  a paper golem
  7 giant ants
  a little dog
  4 floating eyes
  a kitten
 21 dwarves
  2 homunculi
  a kobold leader
  a kobold shaman
  4 hill orcs
  5 rothes
  a rabid rat
  2 centipedes
  4 giant bats
  8 Kop Sergeants
  a werejackal
  7 iguanas
  2 acid blobs
  a coyote
  a gas spore
  6 hobbits
  2 manes
  a large kobold
  3 hobgoblins
  5 giant rats
  2 cave spiders
  a brown mold
  a yellow mold
  3 green molds
 71 gnomes
 18 Keystone Kops
  2 garter snakes
  7 geckos
  6 jackals
  2 foxes
  2 kobolds
  3 goblins
  8 grid bugs
  a bat
  4 lichens
  a kobold zombie
  6 newts
375 creatures vanquished.

No species were genocided or became extinct.

Game over:
                       ----------
                      /          \
                     /    REST    \
                    /      IN      \
                   /     PEACE      \
                  /                  \
                  |   Kwijibo4686    |
                  |      844 Au      |
                  |   killed by an   |
                  |  energy vortex   |
                  |                  |
                  |                  |
                  |       2026       |
                 *|     *  *  *      | *
        _________)/\\_//(\/(/\)/\//\/|_)_______

Farvel Kwijibo4686 the Valkyrie...

You died in The Dungeons of Doom on dungeon level 13 with 28584 points,
and 844 pieces of gold, after 11019 moves.
You were level 10 with a maximum of 92 hit points when you died.

